cohdb
Replays
Latest Replays
All Replays
Popular Replays
Top Player Replays
Match Explorer
How It Works
Community
CoH3 Stats
Reddit
Sign in to upload your games and track your stats! →
Sign in with Steam
Match 38467155
Unlisted
Match 38467155
Overview
Messages
Build Orders
End
Construct Infanterie Kompanie
Grenadier Squad
Selects Breakthrough Battlegroup
Selects Assault Grenadiers
MG 42 Machine Gun Team
Grenadier Squad
Medical Station
Selects Rapid Production
Grenadier Squad
Construct Panzergrenadier Kompanie
Selects Breakthrough
251 Medium Carrier
Pak 40 Anti-tank Gun Team
Infanterie Officer Quarters
Support Elements
Grenadier Squad
來自奧波萊地區的邪惡
BigTiddyLebron
0
0
Comments
sign in to comment!
No comments posted yet!